 Dungeon Crawl Stone Soup version 0.21.1-1-g345015f (webtiles) character file.

33 nightchill the Ruffian (level 3, -2/30 HPs)
             Began as a Ghoul Warper on June 14, 2018.
             Slain by Terence
             ... wielding a +0 mace
              (4 damage)
             ... on level 1 of the Dungeon.
             The game lasted 00:02:31 (800 turns).

nightchill the Ruffian (Ghoul Warper)                Turns: 800, Time: 00:02:33

Health: -2/30      AC:  3    Str: 15    XL:     3   Next: 29%
Magic:  4/4        EV: 11    Int:  8    God:
Gold:   37         SH:  0    Dex:  8    Spells: 5/5 levels left

rFire    . . .     SeeInvis .     - Unarmed
rCold    + . .     Gourm    .   (no shield)
rNeg     + + +     Faith    .   a - +0 leather armour
rPois    ∞         Spirit   .   (no helmet)
rElec    .         Reflect  .   (no cloak)
rCorr    .         Harm     .   (no gloves)
MR       .....                  (no boots)
Stlth    +.........             (no amulet)
HPRegen  0.00/turn              (no ring)
MPRegen  0.09/turn              (no ring)

@: rotting
A: rotting body, claws 1, carnivore, cold resistance 1, negative energy
resistance 3, inhibited regeneration, torment resistance, unbreathing
a: no special abilities


You were on level 1 of the Dungeon.
You were not hungry.

You visited 1 branch of the dungeon, and saw 2 of its levels.

You collected 37 gold pieces.

Inventory:

Missiles
 d - 5 tomahawks of dispersal (quivered)
Armour
 a - a +0 leather armour (worn)
 g - a +0 chain mail
Jewellery
 h - a +3 ring of evasion {unknown}
 j - an uncursed ring of poison resistance {unknown}
 k - an uncursed ring of ice {unknown}
Scrolls
 c - a scroll of blinking
 e - a scroll of fear {unknown}
 l - a scroll of identify {unknown}
 m - a scroll of fog {unknown}
Potions
 i - a potion of curing {unknown}
Books
 b - a book of Spatial Translocations

   Spells                             Type                      Level
   a - Blink                          Translocation                2
   b - Shroud of Golubria             Charms/Translocation         2
   c - Lesser Beckoning               Translocation                3
   d - Gell's Gravitas                Translocation                3
   e - Teleport Other                 Translocation                3
   f - Passage of Golubria            Translocation                4
Comestibles
 f - 2 rations


   Skills:
 + Level 2.9 Fighting
 - Level 0.8 Throwing
 - Level 0.8 Armour
 - Level 1.7 Dodging
 * Level 3.5 Unarmed Combat
 - Level 1.7 Spellcasting
   Level 2.6 Translocations


You had 5 spell levels left.
You didn't know any spells.

Dungeon Overview and Level Annotations

Branches:
Dungeon (2/15)

Altars:

Annotations:
D:1 Terence


Innate Abilities, Weirdness & Mutations

Your body is rotting away.
You thrive on raw meat.
You are immune to poison.
You have sharp fingernails.
You are carnivorous and can eat meat at any time.
Your flesh is cold resistant. (rC+)
You are immune to negative energy. (rN+++)
You do not regenerate when monsters are visible.
You are immune to unholy pain and torment.
You can survive without breathing.


Message History

The ball python constricts you. The quokka bites you.
You barely miss the ball python. Terence barely misses you.
The ball python closely misses you. The ball python constricts you.
The quokka bites you but does no damage.
The hobgoblin hits you.
* * * LOW HITPOINT WARNING * * *
You scratch the ball python.
You kill the ball python!
The quokka bites you but does no damage.
The hobgoblin hits you.
* * * LOW HITPOINT WARNING * * *
Terence hits you but does no damage.
You claw Terence!
Terence is heavily wounded.
The quokka bites you.
* * * LOW HITPOINT WARNING * * *
The rat misses you. The hobgoblin hits you.
* * * LOW HITPOINT WARNING * * *
Terence hits you with a mace.
You die...

###### #....#
######.#
#...##.#########
###...##.......rg#
...............r@#
###...##.#######@#
#.####.# #.# # #.#
#.# #.# #
#.####.#######.# #
#...........##.# #
#...........##.# #
#...........##.#
###.......)...####


You could see Terence, a quokka, a hobgoblin and a rat.

Vanquished Creatures
  2 dart slugs (D:1)
  2 leopard geckos (D:1)
  2 ball pythons
  2 giant cockroaches (D:1)
  6 goblins (D:1)
  3 hobgoblins (D:1)
  2 jackals (D:1)
  2 bats (D:1)
  A frilled lizard (D:1)
  A kobold (D:1)
  2 rats (D:1)
25 creatures vanquished.

Notes
Turn   | Place    | Note
-------+----------+-------------------------------------------
     0 | D:1      | nightchill the Ghoul Warper began the quest for the Orb.
     0 | D:1      | Reached XP level 1. HP: 17/17 MP: 2/2
   114 | D:1      | Reached XP level 2. HP: 25/25 MP: 3/3
   138 | D:1      | Reached skill level 3 in Unarmed Combat
   312 | D:1      | Reached XP level 3. HP: 25/30 MP: 4/4
   788 | D:2      | Noticed Terence
   800 | D:1      | Slain by Terence

Skill      XL: |  1  2 |
---------------+-------+-----
Unarmed Combat | 3 |  3.5
Fighting       | |  2.9
Throwing       | |  0.8
Armour         | |  0.8
Dodging        | |  1.7
Spellcasting   | |  1.7
Translocations | |  2.6

Action                   || total
-------------------------++-------
Melee: Unarmed           ||    84
       Punch             ||     1
  Eat: Chunk             ||     8
Armor: Leather armour    ||    43
Dodge: Dodged            ||    60
